 Dungeon Crawl Stone Soup version 0.27-a0-767-g00efbec225 (webtiles) character file.

Game seed: 4248054616271470232

8 Ijustatesigmund the Skirmisher (level 2, 24/24 HPs)
             Began as a Demonspawn Fighter on Mar 25, 2021.
             Quit the game on level 1 of the Dungeon.
             The game lasted 00:00:57 (231 turns).

Ijustatesigmund the Skirmisher (Demonspawn Fighter)  Turns: 231, Time: 00:00:57

Health: 24/24      AC:  6    Str: 16    XL:     2   Next: 0%
Magic:  2/2        EV:  7    Int:  9    God:
Gold:   0          SH:  8    Dex: 12    Spells: 1/1 levels left

rFire    . . .     SeeInvis .   a - +0 war axe
rCold    . . .     Faith    .   c - +0 kite shield
rNeg     . . .     Spirit   .   b - +0 scale mail
rPois    .         Reflect  .   (no helmet)
rElec    .         Harm     .   (no cloak)
rCorr    .         Rampage  .   (no gloves)
Will     .....                  (no boots)
Stlth    ..........             (no amulet)
HPRegen  0.08/turn              (no ring)
MPRegen  0.08/turn              (no ring)

@: no status effects
A: hooves 1
a: no special abilities


You were on level 1 of the Dungeon.
You visited 1 branch of the dungeon, and saw 1 of its levels.

Inventory:

Hand Weapons
 a - a +0 war axe (weapon)
Armour
 b - a +0 scale mail (worn)
 c - a +0 kite shield (worn)
Scrolls
 e - a scroll of blinking {unknown}
 f - a scroll of identify {unknown}
 g - a scroll of holy word {unknown}
Potions
 d - a potion of might


   Skills:
 + Level 3.1 Fighting
 * Level 2.1 Axes
 - Level 2.6 Armour
 + Level 0.4 Dodging
 - Level 2.6 Shields


You had one spell level left.
You didn't know any spells.
Your spell library was empty.

Dungeon Overview and Level Annotations

Branches:
Dungeon (1/15)

Altars:


Innate Abilities, Weirdness & Mutations

You have large cloven feet.


Message History

There is a stone staircase leading down here.
A bat comes into view.
Your shield prevents you from hitting the bat.
You block the bat's attack. The bat barely misses you.
You closely miss the bat. You block the bat's attack.
The bat hits you but does no damage. The bat closely misses you.
The bat hits you.
You miss the bat. The bat hits you but does no damage. x2
You block the bat's attack.
You closely miss the bat. The bat hits you but does no damage.
You block the bat's attack. x2
You barely miss the bat. The bat hits you but does no damage.
The bat barely misses you.
You closely miss the bat. You block the bat's attack.
The bat hits you but does no damage. You block the bat's attack.
You hit the bat.
You kill the bat!
No target in view!
No target in view!
No target in view!
No target in view!
No target in view!
No target in view!
No target in view!
No target in view!
No target in view!
No target in view!
No target in view!
No target in view!
No target in view!
No target in view!
No target in view!
A ball python comes into view.
You block the ball python's attack. The ball python closely misses you.
You slash the ball python!
You kill the ball python!
You have reached level 2!
Your demonic ancestry asserts itself...
Your feet thicken and deform.
Are you sure you want to abandon this character and quit the game? (Confirm with "yes".)

###.####################.....
#........# #.....
########.### #.....
#...###### ####.....
###......###........
######.....#####.#
#............# #.#
#.##########.###.# #@#
#.>...# #....# ####...
#....#### #.#. #.## ##.##
##..## #..### #.#### #.# #.
#.###.


There were no monsters in sight!

Vanquished Creatures
  4 ball pythons (D:1)
  2 bats (D:1)
  An endoplasm (D:1)
7 creatures vanquished.

Notes
Turn   | Place    | Note
-------+----------+-------------------------------------------
     0 | D:1      | Ijustatesigmund the Demonspawn Fighter began the quest for
                  | the Orb.
     0 | D:1      | Reached XP level 1. HP: 18/18 MP: 1/1
   231 | D:1      | Gained mutation: You have large cloven feet. [demonic
                  | ancestry]
   231 | D:1      | Reached XP level 2. HP: 24/24 MP: 2/2
   231 | D:1      | Quit the game

Illustrated notes

Levels and vault maps discovered:
D:1:      onia_arrival_mini_spirals, layout_rooms

Skill      XL: |  1 |
---------------+----+-----
Axes           | 2 |  2.1
Fighting       | |  3.1
Armour         | |  2.6
Dodging        | |  0.4
Shields        | |  2.6

Action                   || total
-------------------------++-------
Melee: War axe           ||    17
Armor: Scale mail        ||    12
Dodge: Dodged            ||     8
Block: Kite shield       ||    15

Table legend: (Time is in decaauts)
 A = Elapsed time spent in this place.
 B = Non-inter-level travel time spent in this place.
 C = Inter-level travel time spent in this place.
 D = Time resting spent in this place.
 E = Time spent auto-exploring this place.
 F = Levels seen in this place.
 G = Mean time per level.
                   A        B        C        D        E       F      G
               +--------+--------+--------+--------+--------+-----+--------+
         Total |    242 |    242 |      0 |      0 |    197 |   1 |  242.0 |
       Dungeon |    242 |    242 |      0 |      0 |    197 |   1 |  242.0 |
               +--------+--------+--------+--------+--------+-----+--------+

Top non-repeatable levels by time:
     D:1: 242 daAuts
